 Dungeon Crawl Stone Soup version 0.23.2-33-g5129a83184 (webtiles) character file.

Game seed: 9387692439522323809

475 ANON1729 the Skirmisher (level 6, -1/49 HPs)
             Began as a Demonspawn Monk on Aug 11, 2019.
             Was a Believer of Okawaru.
             Slain by a centaur (9 damage)
             ... on level 6 of the Dungeon.
             The game lasted 00:10:27 (6996 turns).

ANON1729 the Skirmisher (Demonspawn Monk)           Turns: 6996, Time: 00:10:28

Health: -1/49      AC:  3    Str: 17    XL:     6   Next: 84%
Magic:  7/7        EV: 20    Int: 19    God:    Okawaru [**....]
Gold:   240        SH:  0    Dex: 20    Spells: 5/5 levels left

rFire    . . .     SeeInvis .   a - +0 spear
rCold    . . .     Gourm    .   (no shield)
rNeg     . . .     Faith    .   b - +0 robe
rPois    .         Spirit   .   (helmet restricted)
rElec    .         Reflect  .   (no cloak)
rCorr    .         Harm     .   (no gloves)
MR       .....     Clarity  +   s - +0 pair of boots Stlth ++++......Rnd*Tele +
                                (no amulet)
HPRegen  0.16/turn              q - +6 ring of strength
MPRegen  0.10/turn              (no ring)

@: brilliant, agile, lightly drained
A: antennae 2, hooves 1, clarity, powered by pain 1, teleportitis 1, wild magic
1
a: Heroism, Renounce Religion


You were on level 6 of the Dungeon.
You worshipped Okawaru.
Okawaru was pleased with you.
You were very hungry.

You visited 2 branches of the dungeon, and saw 9 of its levels.

You collected 240 gold pieces.

Inventory:

Hand Weapons
 a - a +0 spear (weapon)
 w - a +3 dagger
 x - the +0 dagger "Egarr" {pierce, *Slow rF+++ Str-2 Stlth+}
   (You found it on level 4 of the Dungeon)

   It inflicts extra damage upon your enemies.
   It affects your strength (-2).
   It renders you almost immune to fire.
   It may slow you when you take damage.
   It makes you more stealthy.
Armour
 b - a +0 robe (worn)
 s - a +0 pair of boots (worn)
Jewellery
 m - a +2 ring of dexterity
 q - a +6 ring of strength (left hand)
Wands
 l - a wand of random effects (15)
Scrolls
 g - 3 scrolls of magic mapping
 j - 6 scrolls of identify
 u - 2 scrolls of immolation
 v - a scroll of blinking {unknown}
 y - 2 scrolls of fog {unknown}
Potions
 d - a potion of mutation
 k - a potion of haste {unknown}
 n - a potion of heal wounds {unknown}
 p - a potion of degeneration
Comestibles
 c - 11 rations


   Skills:
 + Level 4.4 Fighting
 + Level 4.1 Polearms
 + Level 4.1(4.0) Dodging
 + Level 3.7(3.6) Stealth
 + Level 1.2(1.1) Invocations
 * Level 1.4(1.3) Evocations


You had 5 spell levels left.
You didn't know any spells.
Your spell library contained the following spells:

 Spells                   Type           Power        Failure   Level  Hunger
 Searing Ray              Conj           ##....       4%          2    ###....
 Stone Arrow              Conj/Erth      ##....       9%          3    ####...
 Sticky Flame             Conj/Fire      ##......     24%         4    #####..
 Malign Gateway           Summ/Tloc      ##........   100%        7    #######


Dungeon Overview and Level Annotations

Branches:
Dungeon (8/15)             Temple (1/1) D:4
   Lair: D:8-11

Altars:
Ashenzari
Cheibriados
Dithmenos
Elyvilon
Fedhas
Gozag
Hepliaklqana
Kikubaaqudgha
Makhleb
Okawaru
Qazlal
Ru
Sif Muna
Trog
Uskayaw
Vehumet
Xom
Yredelemnul
Zin
The Shining One

Annotations:
D:4 Dowan, Duvessa, Sigmund


Innate Abilities, Weirdness & Mutations

You have a pair of antennae on your head.
You sometimes gain a little power by taking damage.
You have large cloven feet.
You possess an exceptional clarity of mind.
You are occasionally teleported next to monsters.
Your spells are a little harder to cast, but a little more powerful.


Message History

You puncture the centaur!
The centaur is severely wounded.
The centaur misses you.
The centaur wields a +0 shortbow.
The centaur shoots an arrow.
The arrow hits you!
* * * LOW HITPOINT WARNING * * *
You see here an arrow.
You're too confused!
You bump into the rock wall.
The centaur shoots an arrow.
The arrow completely misses you.
The centaur shoots an arrow.
The arrow hits you.
* * * LOW HITPOINT WARNING * * *
You bump into the rock wall.
You feel less invigorated.
You feel less confused.
The centaur shoots an arrow.
The arrow barely misses you.
You close the door.
A centaur opens the door.
The centaur unwields a +0 shortbow.
The centaur hits you.
* * * LOW HITPOINT WARNING * * *
The centaur hits you!
You die...

.# # ## .# ##.##
.# ..... .# #....
.# # #.#.# .#.#
#.# #######+#...#
.. #.......(######
##.
#........@(...###
..
#.......c##.....#
###
#......(.##.....#
+..
#........##.....#
###
#........####'####
#........# #.....#
#........# #.....#
#........# #....)#
#........# #.....#


You could see a centaur.

Vanquished Creatures
  An ogre (D:4)
  2 scorpions (D:4)
  2 hounds
  An orc wizard (D:3)
  An iguana (D:6)
  Robin (D:3)
  7 adders
  An adder skeleton (D:4)
  A worm (D:2)
  3 dart slugs
  2 leopard geckos
  3 orcs
  2 ball pythons
  6 bats
  2 giant cockroaches
  22 goblins
  10 hobgoblins
  7 jackals
  A quokka (D:2)
  9 frilled lizards
  4 kobolds
  2 leopard gecko skeletons
  7 rats
97 creatures vanquished.

Notes
Turn   | Place    | Note
-------+----------+-------------------------------------------
     0 | D:1      | ANON1729 the Demonspawn Monk began the quest for the Orb.
     0 | D:1      | Reached XP level 1. HP: 18/18 MP: 1/1
   179 | D:1      | Gained mutation: You have a pair of small antennae on your
                  | head. [demonic ancestry]
   179 | D:1      | Reached XP level 2. HP: 19/24 MP: 2/2
   865 | D:1      | Gained mutation: You sometimes gain a little power by
                  | taking damage. [demonic ancestry]
   865 | D:1      | Reached XP level 3. HP: 27/29 MP: 3/3
  2062 | D:2      | Gained mutation: You have a pair of antennae on your head.
                  | [demonic ancestry]
  2062 | D:2      | Reached XP level 4. HP: 31/35 MP: 4/4
  2944 | D:3      | Found a faded altar of an unknown god.
  3334 | D:3      | Noticed Robin
  3692 | D:3      | Gained mutation: You possess an exceptional clarity of
                  | mind. [potion of mutation]
  3692 | D:3      | Gained mutation: Your spells are a little harder to cast,
                  | but a little more powerful. [potion of mutation]
  3692 | D:3      | Gained mutation: You are occasionally teleported next to
                  | monsters. [potion of mutation]
  3692 | D:3      | Gained mutation: You have large cloven feet. [potion of
                  | mutation]
  3698 | D:3      | Reached XP level 5. HP: 17/42 MP: 5/5
  4073 | D:3      | Killed Robin
  4336 | D:3      | Found a hazy altar of Hepliaklqana.
  4339 | D:3      | Found a shimmering altar of Xom.
  4342 | D:3      | Found a white marble altar of Elyvilon.
  4396 | D:3      | Found a snail-covered altar of Cheibriados.
  4445 | D:3      | Found a hide-covered altar of Uskayaw.
  4761 | D:4      | Got a dazzling dagger
  4762 | D:4      | Identified the cursed +0 dagger "Egarr" {pierce, *Slow
                  | rF+++ Str-2 Stlth+} (You found it on level 4 of the
                  | Dungeon)
  5157 | D:4      | Found a staircase to the Ecumenical Temple.
  5158 | D:4      | Noticed Dowan
  5159 | D:4      | Noticed Sigmund
  5161 | D:4      | Noticed Duvessa
  5450 | Temple   | Entered the Ecumenical Temple
  5518 | Temple   | Became a worshipper of Warmaster Okawaru
  5518 | Temple   | Reached * piety under Okawaru
  5518 | Temple   | Reached ** piety under Okawaru
  5607 | D:4      | Noticed an ogre
  5625 | D:4      | Killed an ogre
  5625 | D:4      | Reached XP level 6. HP: 28/49 MP: 4/6
  6098 | D:4      | Noticed an orc warrior
  6642 | D:5      | Entered Level 5 of the Dungeon
  6684 | D:5      | Reached skill level 1 in Evocations
  6699 | D:5      | Identified the Catalogue of Displaced Damage Dealing
  6707 | D:5      | You fall through a shaft for 3 floors!
  6730 | D:7      | Reached skill level 1 in Invocations
  6996 | D:6      | Slain by a centaur

Skill      XL: |  1  2  3  4  5  6 |
---------------+-------------------+-----
Stealth        | 2 3 |  3.7
Polearms       | 3 4 |  4.1
Dodging        | 3 4 |  4.1
Fighting       | 4 |  4.4
Evocations     | 1 |  1.4
Invocations    | 1 |  1.2

Action                   |  1- 3 |  4- 6 || total
-------------------------+-------+-------++-------
Melee: Spear             |   169 |   310 ||   479
       Dagger            |       |     9 ||     9
       Punch             |       |     1 ||     1
Invok: Heroism           |       |     2 ||     2
Evoke: Wand              |       |     2 ||     2
  Use: Potion            |       |    10 ||    10
       Scroll            |       |     6 ||     6
 Stab: Sleeping          |    14 |    12 ||    26
       Paralysed         |       |     4 ||     4
  Eat: Chunk             |     4 |    11 ||    15
       Ration            |       |     1 ||     1
Armor: Robe              |    13 |    28 ||    41
Dodge: Dodged            |    74 |   193 ||   267
